 Dungeon Crawl Stone Soup version 0.26-a0-682-g294304f6e8 (console) character file.

Game seed: 1462073895916199981

9103 om the Nimble (level 11, 0/74 HPs)
             Began as a Red Draconian Conjurer on Oct 20, 2020.
             Was an Initiate of Gozag.
             Slain by Urug
             ... wielding a +3 halberd
              (29 damage)
             ... on level 11 of the Dungeon.
             The game lasted 00:34:24 (18818 turns).

om the Nimble (Red Draconian Conjurer)             Turns: 18818, Time: 00:34:24

Health: 0/74       AC: 16    Str: 10    XL:     11   Next: 18%
Magic:  3/15       EV: 18    Int: 21    God:    Gozag
Gold:   1326       SH:  0    Dex: 10    Spells: 9/16 levels left

rFire    + + .     SeeInvis +   k - +9 lance {slay drac, rPois rF+ rC+ AC+3}
rCold    + . .     Faith    .   (no shield)
rNeg     . . .     Spirit   .   (armour unavailable)
rPois    +         Reflect  .   K - +2 hat
rElec    .         Harm     .   p - +2 cloak {MR+}
rCorr    .         Rampage  .   x - +0 pair of gloves
MR       +....                  (no boots)
Stlth    ++........             (no amulet)
HPRegen  0.22/turn              v - ring of see invisible
MPRegen  0.14/turn              (no ring)

@: short of breath, gold aura
A: breathe fire, unfitting armour, fire resistance 1, cold-blooded, AC +7
a: Breathe Fire, Potion Petition, Call Merchant, Bribe Branch, Renounce Religion


You were on level 11 of the Dungeon.
You worshipped Gozag.
Gozag was most pleased with you.
You visited 1 branch of the dungeon, and saw 11 of its levels.
You also visited: Sewer and Ossuary.

You collected 1428 gold pieces.
You paid 102 gold pieces to Gozag.

Inventory:

Hand Weapons
 a - a +0 dagger
 k - the +9 lance "Wyrmbane" (weapon) {slay drac, rPois rF+ rC+ AC+3}
   (You took it off Maggie on level 9 of the Dungeon)

   It affects your AC (+3).
   It protects you from fire.
   It protects you from cold.
   It protects you from poison.
 m - a +0 club
 r - a +1 dagger of protection
 C - a cursed +2 dagger of freezing
 I - a +0 lajatang
Missiles
 e - 8 boomerangs (quivered)
Armour
 p - a +2 cloak of magic resistance (worn)
 x - a +0 pair of gloves (worn)
 F - a scarf of repulsion
 K - a +2 hat (worn)
Jewellery
 v - a ring of see invisible (left hand)
Wands
 d - a wand of disintegration (2)
 l - a wand of paralysis (35)
Scrolls
 b - 2 scrolls of enchant weapon
 c - 6 scrolls of teleportation {unknown}
 g - 4 scrolls of fear
 h - 4 scrolls of remove curse
 i - 2 scrolls of immolation
 j - 5 scrolls of magic mapping
 t - 2 scrolls of noise {unknown}
 u - a scroll of torment {unknown}
 y - a scroll of fog {unknown}
 z - a scroll of brand weapon {unknown}
 A - a scroll of summoning {unknown}
 B - a scroll of vulnerability {unknown}
 E - a scroll of amnesia {unknown}
 G - a scroll of blinking {unknown}
 H - a scroll of enchant armour {unknown}
 J - 3 scrolls of identify
Potions
 f - 2 potions of stabbing
 n - 5 potions of flight
 o - 3 potions of lignification {unknown}
 q - 2 potions of mutation {unknown}
 s - 3 potions of brilliance
 w - 2 potions of haste
 D - 3 potions of curing


   Skills:
 - Level 5.0 Polearms
 + Level 13.4 Dodging
 - Level 2.0 Stealth
 - Level 3.0 Spellcasting
 - Level 8.0 Conjurations


You had 9 spell levels left.
You knew the following spells:

 Your Spells              Type           Power        Failure   Level
a - Magic Dart            Conj           ####         1%          1
b - Searing Ray           Conj           #####.       1%          2
c - Dazzling Flash        Conj/Hex       ###...       8%          3
d - Foxfire               Conj/Fire      ###.         2%          1

Your spell library contained the following spells:

 Spells                   Type           Power        Failure   Level
 Conjure Flame            Conj/Fire      ###.....     8%          3
 Animate Skeleton         Necr           #.....       13%         1
 Apportation              Tloc           #.....       13%         1
 Corona                   Hex            #......      13%         1
 Pain                     Necr           #...         13%         1
 Summon Small Mammal      Summ           #...         13%         1
 Mephitic Cloud           Conj/Pois/Air  ##......     14%         3
 Blink                    Tloc           N/A          21%         2
 Call Imp                 Summ           #.......     21%         2
 Slow                     Hex            #.......     21%         2
 Fulminant Prism          Conj/Hex       ###.......   26%         4
 Iskenderun's Mystic Bla  Conj/Tloc      ###.....     26%         4
 Sticky Flame             Conj/Fire      ###.....     26%         4
 Inner Flame              Hex/Fire       #.......     36%         3
 Portal Projectile        Hex/Tloc       #.....       36%         3
 Vampiric Draining        Necr           #.........   36%         3
 Fireball                 Conj/Fire      ###.......   56%         5
 Animate Dead             Necr           #.........   78%         4
 Cause Fear               Hex            #.........   78%         4
 Leda's Liquefaction      Hex/Erth       #.........   78%         4
 Agony                    Necr           #.......     98%         5


Dungeon Overview and Level Annotations

Branches:
Dungeon (11/15)            Temple (0/1) D:6           Sewer (visited)
Ossuary (visited)
   Lair: D:8-11         Orc: D:9-12

Altars:
Dithmenos
Elyvilon
Gozag
Hepliaklqana
Kikubaaqudgha
Makhleb
Nemelex Xobeh
Qazlal
Sif Muna
Trog
Uskayaw
Vehumet
Wu Jian
Xom
The Shining One

Annotations:
D:10 Sonja
D:11 Urug


Innate Abilities, Weirdness & Mutations

You can breathe blasts of fire.
Your fiery red scales are hard. (AC +7)
You cannot fit into any form of body armour.
Your flesh is heat resistant. (rF+)
You are cold-blooded and may be slowed by cold attacks.


Message History

You finish channeling your searing ray.
Urug hits you but does no damage.
Okay, then.
Okay, then.
Okay, then.
Casting: Searing Ray (safe; 1% risk of failure)
Confirm with . or Enter, or press ? or * to list all spells.
Aiming: Searing Ray (safe; 1% risk of failure)
Press: ? - help, Shift-Dir - straight line, f/p - Urug
Aim: Urug, wielding a +3 halberd, wearing a +2 ring mail of fire resistance and quivering 4 javelins (severely wounded)
The searing ray hits Urug!
Urug is almost dead. (Press . to maintain the ray.) Urug grins evilly.
Urug hits you from afar with a +3 halberd.
The searing ray hits Urug.
Urug is almost dead.
Urug grins evilly.
Urug hits you from afar with a +3 halberd!!
You die...
Your body crumbles into a pile of gold.

###+####### #.........#
+.........#
#.........###
#...........#
#......<.)..#
#...........#
#..@.o......#
##+###.._..##
#..##.....# ##.##.....#
#.###..### #
####.###.## ###.###
#.........#
.......######.........#
.......#.(............#
..o.$.o$(####.........#
.......### #.........#


You could see Urug.

Vanquished Creatures
  Gastronok (D:10)
  Harold (D:9)
  A two-headed ogre (D:8)
  Maurice (D:9)
  Maggie (D:9)
  3 trolls
  Grinder (Sewer)
  2 wraiths (Ossuary)
  Eustachio (D:6)
  Grum (D:9)
  A steam dragon (D:9)
  A black bear (D:6)
  2 phantoms
  2 sky beasts (D:10)
  An orc warrior (D:11)
  4 ice beasts
  A necrophage (D:9)
  2 wolves (D:9)
  4 ogres
  3 centaurs
  4 big kobolds
  7 bullfrogs
  A scorpion (D:8)
  A water moccasin skeleton (D:9)
  7 killer bees
  3 wights (Ossuary)
  6 electric eels (D:10)
  A howler monkey (D:4)
  4 quasits
  A hound (D:7)
  3 orc priests
  2 iguanas (D:8)
  4 orc wizards
  3 worker ants
  3 killer bee zombies
  A statue (D:8)
  2 big kobold zombies (Sewer)
  A hound skeleton (D:4)
  A worker ant zombie (D:10)
  Robin (D:4)
  11 adders
  3 shadow imps
  2 white imps
  3 ufetubi (Sewer)
  3 adder zombies
  3 oozes
  An adder skeleton (D:9)
  4 worms
  2 dart slugs
  5 leopard geckos
  23 orcs
  7 giant cockroaches
  17 goblins
  11 hobgoblins
  7 jackals
  30 kobolds
  2 quokkas
  5 ball pythons
  2 ball python skeletons (Ossuary)
  12 bats
  6 frilled lizards
  A giant cockroach zombie (Sewer)
  A hobgoblin skeleton (Ossuary)
  A hobgoblin zombie (Ossuary)
  A jackal skeleton (D:5)
  4 kobold zombies
  A quokka skeleton (D:9)
  A quokka zombie (D:5)
  5 rats
264 creatures vanquished.

Vanquished Creatures (others)
  A sky beast (D:11)
  A kobold (D:10)
2 creatures vanquished.

Grand Total: 266 creatures vanquished

Notes
Turn   | Place    | Note
-------+----------+-------------------------------------------
     0 | D:1      | om the Draconian Conjurer began the quest for the Orb.
     0 | D:1      | Reached XP level 1. HP: 14/14 MP: 3/3
   512 | D:1      | Reached XP level 2. HP: 13/20 MP: 0/5
   773 | D:1      | Reached skill level 2 in Dodging
  1001 | D:1      | Learned a level 2 spell: Searing Ray
  1782 | D:2      | Reached XP level 3. HP: 26/26 MP: 3/6
  2608 | D:2      | Found a bloodstained altar of Trog.
  3064 | D:2      | Reached skill level 5 in Conjurations
  3064 | D:2      | Reached XP level 4. HP: 32/33 MP: 2/8
  3392 | D:2      | Reached XP level 5. HP: 38/38 MP: 4/9
  3545 | D:2      | Found a sparkling altar of Nemelex Xobeh.
  3831 | D:2      | Found an ornate altar of the Wu Jian Council.
  4310 | D:3      | Found an ancient bone altar of Kikubaaqudgha.
  4336 | D:3      | Reached skill level 3 in Dodging
  4572 | D:3      | Found a glowing drain.
  4582 | Sewer    | Entered a sewer
  5012 | Sewer    | HP: 1/38 [poisoned by a kobold]
  5550 | Sewer    | Found a burning altar of Makhleb.
  5596 | Sewer    | Reached XP level 6. HP: 22/45 MP: 0/10
  5923 | Sewer    | Reached skill level 4 in Dodging
  6169 | Sewer    | Noticed Grinder
  6182 | Sewer    | Killed Grinder
  6182 | Sewer    | Reached skill level 5 in Dodging
  6182 | Sewer    | Your scales start taking on a fiery red colour.
  6182 | Sewer    | Reached XP level 7. HP: 26/50 MP: 2/11
  6182 | Sewer    | Gained mutation: Your flesh is heat resistant. (rF+) [Red
                  | Draconian growth]
  6966 | D:3      | Reached skill level 6 in Dodging
  7409 | D:4      | Noticed Robin
  7413 | D:4      | Killed Robin
  8224 | D:4      | Found a glowing golden altar of the Shining One.
  8296 | D:4      | Found a hazy altar of Hepliaklqana.
  8356 | D:4      | Reached skill level 7 in Dodging
  8553 | D:5      | Entered Level 5 of the Dungeon
  8609 | D:5      | Reached XP level 8. HP: 57/57 MP: 4/12
  8715 | D:5      | Found a shimmering altar of Xom.
  9074 | D:6      | Found a stormy altar of Qazlal.
  9215 | D:6      | Found an opulent altar of Gozag.
  9217 | D:6      | Found a staircase to the Ecumenical Temple.
  9220 | D:6      | Noticed Eustachio
  9221 | D:6      | Became a worshipper of Gozag Ym Sagoz the Greedy
  9246 | D:6      | Killed Eustachio
  9246 | D:6      | Reached skill level 8 in Dodging
  9473 | D:6      | Found a shadowy altar of Dithmenos.
  9991 | D:7      | Reached skill level 9 in Dodging
 10298 | D:7      | Found a sand-covered staircase.
 10306 | Ossuary  | Entered an ossuary
 10928 | Ossuary  | Noticed a flying skull
 10938 | Ossuary  | Noticed a flying skull
 11002 | Ossuary  | Noticed a flying skull
 11003 | Ossuary  | Noticed a flying skull
 11101 | Ossuary  | Reached XP level 9. HP: 54/62 MP: 13/13
 11154 | Ossuary  | Reached skill level 10 in Dodging
 11772 | D:7      | You fall into a shaft and drop 1 floor!
 11774 | D:8      | Noticed a two-headed ogre
 11782 | D:8      | Killed a two-headed ogre
 11782 | D:8      | Reached skill level 11 in Dodging
 12076 | D:8      | Found a shimmering blue altar of Sif Muna.
 12091 | D:8      | Found a burning altar of Makhleb.
 12091 | D:8      | Found a white marble altar of Elyvilon.
 12869 | D:8      | Found a radiant altar of Vehumet.
 13018 | D:8      | Noticed a troll
 13025 | D:8      | Killed a troll
 13025 | D:8      | Reached skill level 12 in Dodging
 13665 | D:9      | Reached XP level 10. HP: 50/69 MP: 3/14
 13780 | D:9      | Noticed Maggie
 13824 | D:9      | Learned a level 3 spell: Dazzling Flash
 13851 | D:9      | Killed Maggie
 14266 | D:9      | Noticed Grum
 14896 | D:9      | Reached skill level 1 in Polearms
 14999 | D:9      | Killed Grum
 15366 | D:9      | Noticed Harold
 15390 | D:9      | Killed Harold
 15875 | D:9      | Noticed Maurice
 15902 | D:9      | Killed Maurice
 16273 | D:10     | Entered Level 10 of the Dungeon
 16919 | D:10     | Noticed Gastronok
 16979 | D:10     | Killed Gastronok
 16979 | D:10     | Reached skill level 5 in Polearms
 16979 | D:10     | Reached skill level 13 in Dodging
 16979 | D:10     | Reached XP level 11. HP: 19/74 MP: 7/15
 18160 | D:10     | Learned a level 1 spell: Foxfire
 18252 | D:10     | Noticed Sonja
 18306 | D:11     | Found a hide-covered altar of Uskayaw.
 18782 | D:11     | Noticed Urug
 18818 | D:11     | Slain by Urug

Illustrated notes

Levels and vault maps discovered:
D:1:      mrwooster_arrival_arrow, layout_basic
D:2:      cheibrodos_pilgrimage, layout_basic, nicolae_overflow_crystal_walls,
          bloody_trog, marbit_many_paths, minivault_25
D:3:      layout_basic, old_standard_altar, cheibrodos_sewer_entry_sluice
D:4:      layout_basic, nicolae_tso_carved_into_rock, old_standard_altar,
          uniq_robin
D:5:      layout_rooms, basic_altar
D:6:      layout_basic, nicolae_gozag_seed_capital, kennysheep_little_box,
          nicolae_qazlal_general_emergency, minmay_temple_entry_overgrown,
          uniq_eustachio
D:7:      layout_basic, chequers_ossuary_entry_cave, uniq_joseph
D:8:      minmay_cornered_nines, layout_loops_ring, grunt_temple_overflow_open,
          vehumet_statue
D:9:      layout_grid_maze, uniq_harold, uniq_maggie, uniq_maurice, uniq_grum
D:10:     minmay_spotlight, layout_basic, uniq_sonja, uniq_gastronok
D:11:     layout_roguey [special_room_kobold], dpeg_oklobed_lair, basic_altar,
          uniq_urug, uniq_josephine

Skill      XL: |  1  2  3  4  5  6  7  8  9 10 |
---------------+-------------------------------+-----
Stealth        | 2 |  2.0
Dodging        | 2 3 5 7 9 12 13 | 13.4
Conjurations   | 5 6 8 |  8.0
Spellcasting   | 3 |  3.0
Polearms       | 5 |  5.0

Action                   |  1- 3 |  4- 6 |  7- 9 | 10-12 || total
-------------------------+-------+-------+-------+-------++-------
Melee: Dagger            |    43 |    20 |   168 |     8 ||   239
       Tailslap          |     2 |     4 |    20 |     7 ||    33
       Club              |       |    90 |    12 |       ||   102
       Lance             |       |       |       |   133 ||   133
Throw: Boomerang         |       |    10 |       |       ||    10
 Cast: Magic Dart        |    41 |    61 |    74 |    21 ||   197
       Searing Ray       |     9 |    13 |    48 |    33 ||   103
 Abil: Breathe Fire      |       |       |    11 |    14 ||    25
  Use: Scroll            |     4 |       |    13 |     2 ||    19
       Potion            |       |     1 |     3 |     5 ||     9
 Stab: Sleeping          |     2 |     2 |     6 |     2 ||    12
Armor: Skin              |    13 |   112 |    81 |    44 ||   250
Dodge: Dodged            |    46 |   217 |   297 |   149 ||   709
       Repelled          |       |       |     3 |     2 ||     5

Table legend: (Time is in decaauts)
 A = Elapsed time spent in this place.
 B = Non-inter-level travel time spent in this place.
 C = Inter-level travel time spent in this place.
 D = Time resting spent in this place.
 E = Time spent auto-exploring this place.
 F = Levels seen in this place.
 G = Mean time per level.
                   A        B        C        D        E       F      G
               +--------+--------+--------+--------+--------+-----+--------+
         Total |  18892 |  18606 |    286 |   8765 |   7211 |  13 | 1453.2 |
       Dungeon |  15740 |  15454 |    286 |   6819 |   6563 |  11 | 1430.9 |
         Sewer |   2100 |   2100 |      0 |   1299 |    462 |   1 | 2100.0 |
       Ossuary |   1051 |   1051 |      0 |    647 |    186 |   1 | 1051.0 |
               +--------+--------+--------+--------+--------+-----+--------+

Top non-repeatable levels by time:
     D:9: 2605 daAuts
     D:2: 2411 daAuts
    D:10: 2372 daAuts
   Sewer: 2100 daAuts
     D:8: 1894 daAuts
     D:1: 1856 daAuts
     D:4: 1254 daAuts
 Ossuary: 1051 daAuts
     D:6: 1010 daAuts
     D:3: 977 daAuts
     D:7: 785 daAuts
     D:5: 383 daAuts
    D:11: 188 daAuts
